 Dungeon Crawl Stone Soup version 0.31-a0-1084-gb392501acf (webtiles) character file.

Game seed: 9290832629268178854

457 Gumption the Changeling (level 7, 51/51 HPs)
             Began as a Djinni Shapeshifter on Nov 28, 2023.
             Quit the game on level 4 of the Dungeon.
             The game lasted 00:26:13 (3330 turns).

Gumption the Changeling (Djinni Shapeshifter)       Turns: 3330, Time: 00:26:14

Health: 51/51      AC:  4    Str: 13    XL:     7   Next: 27%
Gold:   66         EV: 11    Int: 14    God:
                   SH:  0    Dex: 12

rFire   + +          .
                       - Unarmed
rCold   x . .        (no shield)
rNeg    . . .        k - +1 leather armour
rPois   ∞            (helmet currently unavailable)
rElec   .            (cloak currently unavailable)
rCorr   .            (gloves currently unavailable)
SInv    .            (boots unavailable)
Will    .....        (no amulet)
Stlth   +            (no ring)
HPRegen 0.28/turn    (no ring)
MPRegen 0.00/turn

%: no passive effects
@: beast-form, flying
A: beast (slay +2), flying, sickness immunity, fire resistance 2, cold
vulnerability 1, float, innate caster, HP casting, extra vitality 1
a: Begin Untransformation


You were on level 4 of the Dungeon.
You were a hulking beast.
You visited 1 branch of the dungeon, and saw 4 of its levels.

You collected 124 gold pieces.
You spent 58 gold pieces at shops.

Inventory:

Hand Weapons
 p - a +0 trident
Armour
 k - a +1 leather armour (worn)
 q - a +0 helmet
Talismans
 c - a beast talisman
 d - a flux talisman
 g - a talisman of death
Scrolls
 a - a scroll of poison {unknown}
 e - a scroll of immolation
 f - a scroll of blinking
 i - a scroll of identify {unknown}
 j - a scroll of revelation {unknown}
 l - a scroll of silence {unknown}
 m - 2 scrolls of enchant armour
 o - a scroll of teleportation
 r - a scroll of amnesia {unknown}
 s - a scroll of enchant weapon {unknown}
Potions
 h - 2 potions of cancellation {unknown}
 n - a potion of haste {unknown}
 t - a potion of berserk rage {unknown}


   Skills:
 - Level 3.9 Fighting
 - Level 2.1 Dodging
 - Level 3.0 Unarmed Combat
 + Level 2.4 Spellcasting
 + Level 2.4 Conjurations
 + Level 2.4 Hexes
   Level 0.0 Charms
 + Level 2.4 Summonings
 + Level 2.4 Necromancy
 + Level 2.4 Translocations
 + Level 2.4 Transmutations
 + Level 2.4 Fire Magic
 + Level 2.4 Ice Magic
 + Level 2.4 Air Magic
 + Level 2.4 Earth Magic
 + Level 2.4 Poison Magic
 - Level 4.7 Shapeshifting


You knew the following spells:

 Your Spells              Type           Power      Damage    Failure   Level
a - Sandblast             Erth           16%        2d6       11%         1
b - Static Discharge      Conj/Air       16%        3-4/arc   16%         2
c - Call Imp              Summ           16%        N/A       16%         2
Your spell library was empty.

Dungeon Overview and Level Annotations

Branches:
Dungeon (4/15)
 Temple: D:4-7

Altars:

Shops:
D:2 *


Innate Abilities, Weirdness & Mutations

You are a hulking beast.
Your limbs bulge with bestial killing power. (Slay +2)
You are flying.
You are immune to sickness and miasma.
You are immune to poison.
Your flesh is very heat resistant. (rF++)
You are vulnerable to cold. (rC-)
You float through the air rather than walking.
You learn spells naturally, not from books.
Your magical power is your life essence.
You have superior vitality. (+4 MHP)


Message History

Press: ? - help, Shift-Dir - straight line, f/p - black bear
Aim: a black bear (moderately wounded, 86% to hit)
The blast of sand hits the black bear but does no damage.
The black bear is moderately wounded.
You punch the black bear! You punch the black bear.
The black bear is heavily wounded.
You hit the black bear.
The black bear is severely wounded.
The black bear goes berserk!
You barely miss the black bear.
The black bear is severely wounded.
The black bear closely misses you. The black bear claws you. x2
The black bear bites you!
* * * LOW HITPOINT WARNING * * *
The black bear claws you.
* * * LOW HITPOINT WARNING * * *
The black bear claws you.
* * * LOW HITPOINT WARNING * * *
You hit the black bear.
The black bear is almost dead.
The black bear closely misses you. The black bear claws you.
* * * LOW HITPOINT WARNING * * *
The black bear barely misses you.
You hit the black bear.
The black bear is almost dead.
The black bear barely misses you. x2; The black bear closely misses you.
The black bear bites you.
* * * LOW HITPOINT WARNING * * *
The black bear claws you but does no damage. x2
You hit the black bear.
You kill the black bear!
You fly upwards.
There is a stone staircase leading down here.
You start resting.
HP restored.
You fly downwards.
There is a stone staircase leading up here.
p - a +0 trident (weapon)
You are now empty-handed.
Are you sure you want to abandon this character and quit the game? (Confirm with "yes".)

#...
#...#####
#.......#
#.......#
#.......#
#......#
#......###
#.....h..#
#........#
+....###....
#.... ..###
#... ...
#... ....
#?.. ....
#.## ..##


There were no monsters in sight!

Vanquished Creatures
  A black bear (D:4)
  A kobold brigand (D:3)
  Natasha (thrice) (D:3)
  2 orc wizards (D:3)
  8 adders
  2 worms
  A dart slug (D:2)
  7 orcs (D:3)
  4 bats
  4 endoplasms
  7 giant cockroaches
  4 goblins
  7 hobgoblins
  11 jackals
  5 quokkas
  3 ball pythons
  4 frilled lizards
  12 kobolds
  5 rats
91 creatures vanquished.

Notes
Turn   | Place    | Note
-------+----------+-------------------------------------------
     0 | D:1      | Gumption the Djinni Shapeshifter began the quest for the
                  | Orb.
     0 | D:1      | Reached XP level 1. HP: 17/17 MP: 0/0
   151 | D:1      | Reached XP level 2. HP: 18/22 MP: 0/0
   250 | D:1      | Reached skill level 3 in Shapeshifting
   349 | D:1      | Reached XP level 3. HP: 27/27 MP: 0/0
   349 | D:1      | Learned a level 1 spell: Sandblast
   659 | D:2      | Found Fuept's Assorted Antiques.
  1016 | D:2      | Reached skill level 1 in Spellcasting
  1016 | D:2      | Reached skill level 1 in Conjurations
  1016 | D:2      | Reached skill level 1 in Hexes
  1016 | D:2      | Reached skill level 1 in Summonings
  1016 | D:2      | Reached skill level 1 in Necromancy
  1016 | D:2      | Reached skill level 1 in Translocations
  1016 | D:2      | Reached skill level 1 in Transmutations
  1016 | D:2      | Reached skill level 1 in Fire Magic
  1016 | D:2      | Reached skill level 1 in Ice Magic
  1016 | D:2      | Reached skill level 1 in Air Magic
  1016 | D:2      | Reached skill level 1 in Earth Magic
  1016 | D:2      | Reached skill level 1 in Poison Magic
  1051 | D:2      | Reached XP level 4. HP: 27/33 MP: 0/0
  1237 | D:2      | Bought a scroll labelled ESMIFI EHEHYLO for 29 gold pieces
  1237 | D:2      | Bought a scroll labelled ESMIFI EHEHYLO for 29 gold pieces
  1523 | D:2      | Reached XP level 5. HP: 38/38 MP: 0/0
  1523 | D:2      | Learned a level 2 spell: Static Discharge
  2040 | D:3      | Reached skill level 4 in Shapeshifting
  2225 | D:3      | Noticed Natasha
  2236 | D:3      | Killed Natasha
  2237 | D:3      | Reached XP level 6. HP: 20/45 MP: 0/0
  2566 | D:3      | Noticed Natasha
  2592 | D:3      | Killed Natasha
  2695 | D:3      | Noticed Natasha
  2703 | D:3      | Killed Natasha
  2950 | D:3      | Reached XP level 7. HP: 9/50 MP: 0/0
  2950 | D:3      | Learned a level 2 spell: Call Imp
  3330 | D:4      | Quit the game

Illustrated notes

Levels and vault maps discovered:
D:1:      minmay_arrival_four_houses, layout_rooms, minmay_hexomino_u4
D:2:      kennysheep_six_static_rooms, layout_basic, serial_rivers,
          chequers_serial_rivers_micro_b, chequers_serial_rivers_micro_c,
          chequers_serial_rivers_micro_d, chequers_serial_rivers_marsh,
          serial_shops, nicolae_shop_waterfront
D:3:      cheibrodos_thug_alley, layout_basic, grunt_decor_cap, uniq_natasha
D:4:      layout_basic, kennysheep_mini_moat, minmay_surrounded, uniq_pikel

Skill      XL: |  1  2  3  4  5  6 |
---------------+-------------------+-----
Shapeshifting  | 3 4 |  4.7
Spellcasting   | 1 2 |  2.4
Conjurations   | 1 2 |  2.4
Hexes          | 1 2 |  2.4
Summonings     | 1 2 |  2.4
Necromancy     | 1 2 |  2.4
Translocations | 1 2 |  2.4
Transmutations | 1 2 |  2.4
Fire Magic     | 1 2 |  2.4
Ice Magic      | 1 2 |  2.4
Air Magic      | 1 2 |  2.4
Earth Magic    | 1 2 |  2.4
Poison Magic   | 1 2 |  2.4
Fighting       | 2 3 |  3.9
Dodging        | |  2.1
Unarmed Combat | |  3.0

Action                     |  1- 3 |  4- 6 |  7- 9 || total
---------------------------+-------+-------+-------++-------
  Melee: Unarmed           |   117 |   212 |     6 ||   335
         Punch             |     1 |     2 |     1 ||     4
   Cast: Sandblast         |     1 |    26 |     2 ||    29
    Use: Scroll            |       |     3 |     1 ||     4
         Potion            |       |     1 |       ||     1
   Stab: Sleeping          |     2 |       |       ||     2
 Armour: Animal skin       |    30 |       |       ||    30
         Leather armour    |    31 |   115 |     9 ||   155
         Skin              |       |     1 |       ||     1
  Dodge: Dodged            |    72 |   111 |     6 ||   189

Table legend: (Time is in decaauts)
 A = Elapsed time spent in this place.
 B = Non-inter-level travel time spent in this place.
 C = Inter-level travel time spent in this place.
 D = Time resting spent in this place.
 E = Time spent auto-exploring this place.
 F = Levels seen in this place.
 G = Mean time per level.
                   A        B        C        D        E       F      G
               +--------+--------+--------+--------+--------+-----+--------+
         Total |   3326 |   3215 |    111 |   1000 |    908 |   4 |  831.5 |
       Dungeon |   3326 |   3215 |    111 |   1000 |    908 |   4 |  831.5 |
               +--------+--------+--------+--------+--------+-----+--------+

Top non-repeatable levels by time:
     D:3: 1499 daAuts
     D:2: 1132 daAuts
     D:1: 680 daAuts
     D:4: 12 daAuts
